[Event "83rd ESP-ch Women-ch 2018"]
[Site "Linares"]
[Date "2018.08.28"]
[Round "9"]
[White "Ortin Blanco, Ainhoa"]
[Black "Gil Quilez, Sonia"]
[Result "1-0"]
[WhiteElo "1951"]
[BlackElo "2066"]
[ECO "D05"]
[Opening "Queen's pawn game, Rubinstein (Colle-Zukertort) variation"]
[TimeControl "40/5400+30:1800+30"]
[Annotator "NA"]
[EventDate "2018.08.09"]
[PlyCount "173"]
[EventType "tourn"]
[EventCountry "ESP"]

1. d4 d5 2. Nf3 Nf6 3. e3 e6 4. Bd3 c5 5. b3 cxd4 6. exd4 Nc6 7. O-O h6 8.
a3 Bd6 9. Bb2 O-O 10. Re1 b6 $146 11. Nbd2 Bb7 12. h3 a5 13. Ne5 Ne7 14.
Qe2 Rc8 15. Rac1 Nf5 16. Qf3 Nh4 17. Qe2 Bb8 18. c3 Nf5 19. Bb1 Nd7 20. b4
Nd6 21. b5 Nxe5 22. dxe5 Nc4 23. Nxc4 dxc4 24. a4 Qg5 25. Qg4 Qxg4 26. hxg4
Rfd8 27. Ba3 Rd2 28. Re3 Rcd8 29. Rce1 R8d7 30. Bc1 Rd1 31. Bc2 Rxe1+ 32.
Rxe1 Bc7 33. f4 Bd8 34. Be3 Kf8 35. Kf2 Ke8 36. Rd1 Rxd1 37. Bxd1 Be4 38.
Bd4 Kd7 39. g3 Kc7 40. Ke3 Bb1 41. Be2 Ba2 42. Kd2 Be7 43. Bd1 Ba3 44. Bc2
Be7 45. f5 Ba3 46. Be3 Bf8 47. Bf4 Kd7 48. Ke3 $2 Ba3 49. Ke2 Bf8 50. Bc1
Kc7 51. Kf3 Bc5 52. Kf4 Be7 53. Ke4 Bc5 54. Bf4 Bf8 55. g5 hxg5 56. Bxg5
Ba3 57. g4 Bb2 58. Bd2 Ba3 59. Ke3 Be7 60. Ke2 Bh4 61. Bf4 Kd7 62. Kd2 Be7
63. g5 exf5 64. Bxf5+ Ke8 65. Be3 Bd8 66. g6 fxg6 67. Bxg6+ Kd7 $1 68. Bf5+
Kc7 $1 69. Bf4 Be7 70. e6+ Kd8 71. Be3 Kc7 72. Bd4 Bb3 73. Bc2 Bxc2 74.
Kxc2 Bd8 $2 75. Be5+ Kc8 76. Bxg7 Be7 77. Kd2 Kd8 78. Bd4 Kc7 79. Ke2 Bd8
80. Be5+ Kc8 81. Kf3 Be7 82. Ke4 Kd8 83. Kd5 Ke8 84. Kxc4 Bc5 85. Bf6 Bd6
86. Kd5 Bg3 87. Ke4 1-0

[Event "83rd ESP-ch Women-ch 2018"]
[Site "Linares"]
[Date "2018.08.28"]
[Round "9"]
[White "Serrano Garcia, Luis"]
[Black "Samuel Lares, Jairo"]
[Result "0-1"]
[WhiteElo "1915"]
[BlackElo "2006"]
[ECO "B23"]
[Opening "Sicilian"]
[Variation "closed, 2...Nc6"]
[TimeControl "40/5400+30:1800+30"]
[Annotator "NA RC"]
[EventDate "2018.08.09"]
[PlyCount "56"]
[EventType "tourn"]
[EventCountry "ESP"]

1. e4 c5 2. Nc3 Nc6 3. Bb5 Nd4 4. Bc4 g6 5. Nf3 Bg7 6. Nxd4 cxd4 7. Qf3 Nh6
8. d3 O-O 9. Ne2 Ng4 10. Bb3 Ne5 11. Qg3 Nc6 12. h4 e6 13. h5 $1 Qe7 14.
hxg6 $146 fxg6 15. Bg5 Qf7 16. Qh4 Bh8 17. Rh3 Na5 18. Bh6 Bf6 19. Qf4 Nxb3
20. axb3 e5 21. Qh2 d5 22. Bxf8 Bxh3 23. Bh6 Be6 24. f3 a6 25. O-O-O Rc8
26. g4 dxe4 27. fxe4 Bxb3 28. Rd2 $19 Bg5 0-1

[Event "83rd ESP-ch Women-ch 2018"]
[Site "Linares"]
[Date "2018.08.28"]
[Round "9"]
[White "Amoros Moran, Jose Joaquin"]
[Black "Garcia Garcia, Adrian Antonio"]
[Result "0-1"]
[WhiteElo "1908"]
[BlackElo "2179"]
[ECO "C41"]
[Opening "Philidor"]
[Variation "exchange variation"]
[TimeControl "40/5400+30:1800+30"]
[Annotator "NA RC"]
[EventDate "2018.08.09"]
[PlyCount "92"]
[EventType "tourn"]
[EventCountry "ESP"]

1. e4 e5 2. Nf3 d6 3. d4 exd4 4. Nxd4 Nf6 5. f3 a6 6. a4 Be7 7. Bc4 O-O 8.
Nc3 c5 9. Nde2 Nc6 10. Ng3 Be6 11. Nd5 Bxd5 12. exd5 Ne5 13. Be2 b5 14. a5
Re8 15. O-O c4 16. f4 Ned7 17. Bf3 Bf8 18. Bd2 Nc5 19. Re1 Qd7 20. Bc3
Rxe1+ 21. Qxe1 Re8 22. Qd2 Nfe4 23. Qd4 Nxc3 24. Qxc3 g6 25. Qd2 Bg7 26.
Rb1 Qe7 27. b4 Na4 28. Qf2 Nc3 29. Rf1 f5 30. h3 Bf6 31. Kh2 h5 32. Nh1 Na2
33. g4 hxg4 34. hxg4 Nxb4 35. gxf5 Qh7+ 36. Kg2 g5 37. fxg5 Bxg5 38. Re1
Rxe1 39. Qxe1 $11 Qg7 40. Qe6+ Qf7 41. Bh5 Qxe6 42. dxe6 Nxc2 43. Ng3 c3
44. Ne4 Ne3+ 45. Kf3 c2 46. Nxg5 Nxf5 0-1

[Event "83rd ESP-ch Women-ch 2018"]
[Site "Linares"]
[Date "2018.08.28"]
[Round "9"]
[White "Badillo Ramos, Steve"]
[Black "Romero Romero, Sebastian"]
[Result "0-1"]
[WhiteElo "1901"]
[BlackElo "2171"]
[ECO "A15"]
[Opening "English, 1...Nf6 (Anglo-Indian defense)"]
[TimeControl "40/5400+30:1800+30"]
[Annotator "NA RC"]
[EventDate "2018.08.09"]
[PlyCount "106"]
[EventType "tourn"]
[EventCountry "ESP"]

1. c4 Nf6 2. g3 d5 3. cxd5 Nxd5 4. Bg2 e5 5. Nc3 Nb6 6. Nf3 Nc6 7. O-O Be7
8. a3 O-O 9. b4 a6 10. d3 Be6 11. Be3 Nd5 12. Nxd5 Bxd5 13. Nd2 Bxg2 14.
Kxg2 Qd5+ 15. f3 $146 f5 16. Qb3 Rad8 17. Rac1 Rd7 18. Bc5 Rc8 19. Qxd5+
Rxd5 20. Bxe7 Nxe7 21. Rc5 Rxc5 22. bxc5 Kf7 23. Rb1 Rb8 24. Nc4 Ke6 25. e4
fxe4 26. fxe4 Nc6 27. Kf2 Nd4 28. Ke3 b5 29. cxb6 cxb6 30. Rxb6+ Rxb6 31.
Nxb6 Nc2+ 32. Kd2 Nxa3 33. Kc3 Nb5+ 34. Kb4 Nd4 35. Nd5 Nf3 36. h4 h5 37.
Nc7+ Kf6 38. Nxa6 g5 39. Kc3 gxh4 40. gxh4 Nxh4 41. Kd2 Ng2 42. Nc5 Kg5 43.
Nd7 Kf4 44. Ke2 h4 45. Kf2 h3 46. Nf8 $2 Nh4 47. Kg1 Kg3 $1 48. Kh1 Nf3 49.
Ng6 h2 $1 50. d4 exd4 51. e5 d3 52. Ne7 d2 53. Nf5+ Kf4 0-1

[Event "83rd ESP-ch Women-ch 2018"]
[Site "Linares"]
[Date "2018.08.28"]
[Round "9"]
[White "Gonzalez del Campo, Diego"]
[Black "Sobrino Forte, Alvaro"]
[Result "0-1"]
[WhiteElo "1893"]
[BlackElo "1984"]
[ECO "A48"]
[Opening "King's Indian"]
[Variation "London system"]
[TimeControl "40/5400+30:1800+30"]
[Annotator "NA RC"]
[EventDate "2018.08.09"]
[PlyCount "90"]
[EventType "tourn"]
[EventCountry "ESP"]

1. d4 Nf6 2. Nf3 g6 3. Bf4 d6 4. e3 Bg7 5. h3 O-O 6. Be2 Nfd7 7. O-O Nc6 8.
c4 e5 9. Bh2 f5 10. Nc3 e4 11. Ne1 Nf6 12. Nc2 Qe7 $146 13. b4 Kh8 14. b5
Nd8 15. Nb4 c6 16. Rc1 Ne8 17. a4 g5 18. Re1 d5 19. Nbxd5 cxd5 20. Nxd5 Qd7
21. Qb3 Ne6 22. c5 f4 $1 23. Bg4 Qf7 24. Nb4 h5 25. Bxe6 Bxe6 26. d5 Bf5
27. Qd1 $19 f3 28. gxf3 Bxh3 29. Rc2 exf3 30. Rc4 Bg2 31. e4 Qd7 32. e5 Qh3
33. Re3 g4 34. Nd3 Bh6 35. Ree4 g3 36. fxg3 f2+ 37. Nxf2 Rxf2 38. Rh4 Qf5
39. Rcf4 Rxf4 40. gxf4 Be4 41. Qxh5 Qxh5 42. Rxh5 Kg7 43. e6 Nf6 44. Re5
Bxd5 45. Kf2 Ng4+ 0-1